[Event "2026 Biel Blitz Open"]
[Site "Biel, CH"]
[Date "2026.07.19"]
[Round "4"]
[White "Mikavica, Mirko"]
[Black "Pinelli, Gian"]
[Result "1-0"]
[Board "41"]
[TimeControl "180+2"]
[WhiteFideId "908657"]
[BlackFideId "1348710"]
[WhiteElo "2015"]
[BlackElo "1751"]
[WhiteClock "0:00:20"]
[BlackClock "0:00:28"]
[Variant "Standard"]
[EndDate "2026.07.19"]
[EndTime "12:55:31"]

1. d4 Nf6 2. c4 g6 3. Nc3 d5 4. Nf3 Bg7 5. g3 O-O 6. Bg2 c6 7. b3 Bf5 8. Bb2 Qa5 9. O-O Ne4 10. Qe1 Qd8 11. Nh4 Nxc3 12. Bxc3 Be6 13. cxd5 cxd5 14. Nf3 Nc6 15. Qd2 Qb6 16. Rfc1 Rac8 17. e3 Rfd8 18. Ne1 Bf5 19. Nd3 Bxd3 20. Qxd3 e6 21. Bf1 a6 22. Rab1 Nb4 23. Qd2 Nc6 24. b4 Na7 25. a4 Rd6 26. b5 axb5 27. Ba5 Qa6 28. Rxc8+ Nxc8 29. axb5 Qa8 30. Bc7 Rd7 31. b6 Bf8 32. Bb5 Re7 33. Qb2 Rxc7 34. bxc7 Qa5 35. Bf1 Qxc7 36. Qxb7 Qxb7 37. Rxb7 Nd6 38. Rb8 Ne4 39. f3 Nd2 40. Kf2 Kg7 41. Bd3 e5 42. Ke2 e4 43. Kxd2 exd3 44. Kxd3 Be7 45. e4 dxe4+ 46. fxe4 Kf6 47. d5 Bd6 48. Rb6 Ke5 49. Rxd6 Kxd6 50. Kd4 f6 51. g4 h5 52. g5 fxg5 53. e5+ Kd7 54. Kc5 g4 55. e6+ Ke7 56. Kc6 h4 57. d6+ Kxe6 58. d7 g3 59. hxg3 hxg3 60. d8=Q g2 61. Qg5 1-0

[Event "2026 Biel Blitz Open"]
[Site "Biel, CH"]
[Date "2026.07.19"]
[Round "4"]
[White "Altenburger, Rene"]
[Black "Delesenne, Arthur"]
[Result "1-0"]
[Board "42"]
[TimeControl "180+2"]
[WhiteFideId "1305581"]
[BlackFideId "276979"]
[WhiteElo "1990"]
[BlackElo "1789"]
[WhiteClock "0:00:23"]
[BlackClock "0:00:54"]
[Variant "Standard"]
[EndDate "2026.07.19"]
[EndTime "12:52:52"]

1. d4 d5 2. Nf3 Nf6 3. e3 c6 4. Bd3 Bg4 5. O-O Nbd7 6. h3 Bh5 7. Be2 e6 8. b3 Bd6 9. Bb2 O-O 10. c4 Ne4 11. Nbd2 f5 12. Rc1 a5 13. cxd5 exd5 14. Ne1 Bxe2 15. Qxe2 Bb4 16. Ndf3 f4 17. exf4 Rxf4 18. Nd3 Rf6 19. a3 Bd6 20. Nfe5 Qc7 21. Nxd7 Qxd7 22. Nc5 Re8 23. Nxd7 1-0

[Event "2026 Biel Blitz Open"]
[Site "Biel, CH"]
[Date "2026.07.19"]
[Round "4"]
[White "Kutonov, Yehor"]
[Black "Dai, Wenzhi"]
[Result "0-1"]
[Board "44"]
[TimeControl "180+2"]
[WhiteFideId "1364804"]
[BlackFideId "8608369"]
[WhiteElo "1805"]
[BlackElo "1943"]
[WhiteClock "0:00:08"]
[BlackClock "0:00:09"]
[Variant "Standard"]
[EndDate "2026.07.19"]
[EndTime "12:53:33"]

1. c4 e5 2. Nc3 Nf6 3. g3 Nc6 4. Bg2 Bb4 5. Nd5 a5 6. a3 Bc5 7. e4 O-O 8. d3 h6 9. Ne2 d6 10. O-O Be6 11. Kh1 Rb8 12. f4 Ng4 13. d4 Nxd4 14. h3 Bxd5 15. cxd5 Nf6 16. f5 c6 17. Nc3 cxd5 18. exd5 b5 19. g4 b4 20. axb4 axb4 21. Na4 Nd7 22. Nxc5 Nxc5 23. Be3 Ndb3 24. Rb1 Qf6 25. Kh2 e4 26. Qe1 Nd3 27. Qe2 Nbc5 28. Bxe4 Nxe4 29. Qxd3 Rfe8 30. Rbe1 Qxb2+ 31. Re2 Qc3 32. Qd1 b3 33. Bd4 Qg3+ 34. Kh1 Qxh3+ 35. Rh2 Ng3+ 36. Kg1 Qxf1+ 0-1

[Event "2026 Biel Blitz Open"]
[Site "Biel, CH"]
[Date "2026.07.19"]
[Round "4"]
[White "Jelicic, Hugo"]
[Black "Stevens, Christian"]
[Result "1-0"]
[Board "45"]
[TimeControl "180+2"]
[WhiteFideId "1349040"]
[BlackFideId "649090"]
[WhiteElo "1804"]
[BlackElo "1912"]
[WhiteClock "0:00:32"]
[BlackClock "0:00:04"]
[Variant "Standard"]
[EndDate "2026.07.19"]
[EndTime "12:53:56"]

1. b4 e5 2. Bb2 Bxb4 3. Bxe5 Nf6 4. Nf3 Nc6 5. Bb2 d5 6. e3 O-O 7. Be2 h6 8. O-O Bf5 9. d4 Re8 10. Bd3 Ne4 11. c4 dxc4 12. Bxc4 Bg4 13. Be2 Ne7 14. Ne5 Bxe2 15. Qxe2 Bd6 16. Qf3 Bxe5 17. Qxe4 Bf6 18. Rc1 Nd5 19. Qf3 c6 20. Nd2 Qd7 21. Ne4 Be7 22. a4 Bb4 23. Ba3 a5 24. Nc5 Bxc5 25. Rxc5 Nb4 26. Bxb4 axb4 27. Qd1 b6 28. Rc4 Qd6 29. Qc2 Rec8 30. Rd1 Ra5 31. Qb3 Rd8 32. Rxb4 c5 33. Rxb6 Qc7 34. Rb7 c4 35. Qb4 Rxa4 1-0

[Event "2026 Biel Blitz Open"]
[Site "Biel, CH"]
[Date "2026.07.19"]
[Round "4"]
[White "Nguyen Thi Mai Hung"]
[Black "Filimonov, Arsenii"]
[Result "1-0"]
[Board "46"]
[TimeControl "180+2"]
[WhiteFideId "12401676"]
[BlackFideId "34171584"]
[WhiteElo "2039"]
[BlackElo "1735"]
[WhiteTitle "WGM"]
[WhiteClock "0:00:18"]
[BlackClock "0:00:05"]
[Variant "Standard"]
[EndDate "2026.07.19"]
[EndTime "12:50:23"]

1. d4 Nf6 2. Nf3 d5 3. c4 e6 4. Nc3 Be7 5. Bf4 c6 6. e3 O-O 7. Qc2 Nbd7 8. cxd5 exd5 9. Bd3 h6 10. O-O Re8 11. h3 Nf8 12. Ne5 Bd6 13. Rab1 Be6 14. b4 Rc8 15. Rfc1 b6 16. Qa4 Qc7 17. Ba6 Ra8 18. Qxc6 Bxe5 19. Qxc7 Bxc7 20. Bxc7 Bf5 21. Rb3 Ne6 22. Be5 Nd7 23. Bg3 Nf6 24. Be5 Nd7 25. Nxd5 Nxe5 26. dxe5 Rad8 27. Nf4 Nxf4 28. exf4 Rd4 29. g3 Bxh3 30. a3 Red8 31. Rbc3 Rd1+ 32. Kh2 Be6 33. Bb7 R1d2 34. Kg2 Ra2 35. R1c2 Rxc2 36. Rxc2 Rd3 37. a4 Rd4 38. Rb2 g6 39. Kf3 Bd7 40. Ke3 Rc4 41. a5 Rc7 42. Bd5 bxa5 43. bxa5 Kg7 44. Kd4 h5 45. Rb7 Rxb7 46. Bxb7 Bb5 47. Kc5 Be2 48. Kd6 Kh6 49. Ke7 Bc4 50. Kf6 h4 51. gxh4 Kh5 52. f5 gxf5 53. Kxf5 Kxh4 54. Bc6 Kh3 55. Kg5 Kh2 56. f4 Kg3 57. f5 Kf2 58. Kf6 Ke3 59. Be8 Ke4 60. Bxf7 Bb5 61. e6 a6 62. e7 Bc6 63. e8=Q+ Bxe8 64. Bxe8 1-0

[Event "2026 Biel Blitz Open"]
[Site "Biel, CH"]
[Date "2026.07.19"]
[Round "4"]
[White "Paholok, Igor"]
[Black "Osmani, Xhevdet"]
[Result "0-1"]
[Board "48"]
[TimeControl "180+2"]
[WhiteFideId "1338951"]
[BlackFideId "22104569"]
[WhiteElo "1728"]
[BlackElo "1959"]
[WhiteClock "0:00:07"]
[BlackClock "0:01:44"]
[Variant "Standard"]
[EndDate "2026.07.19"]
[EndTime "12:46:12"]

1. d4 c6 2. Nf3 d6 3. e3 Nf6 4. Bd3 e6 5. O-O Be7 6. c3 O-O 7. Nbd2 b6 8. e4 Bb7 9. Re1 Nbd7 10. Nf1 Qc7 11. Bc2 c5 12. Qd3 g6 13. Bg5 Rac8 14. e5 dxe5 15. Nxe5 Nd5 16. Bxe7 Nxe5 17. Qh3 Qxe7 18. dxe5 Rcd8 19. Ne3 Qg5 20. Ng4 h5 21. Ne3 Nf4 22. Qg3 Qh6 23. f3 Rd2 24. Rad1 Rfd8 25. Rxd2 Rxd2 26. Rd1 Ne2+ 0-1

[Event "2026 Biel Blitz Open"]
[Site "Biel, CH"]
[Date "2026.07.19"]
[Round "4"]
[White "Materia, Mario"]
[Black "Garcia, Miguel"]
[Result "0-1"]
[Board "49"]
[TimeControl "180+2"]
[WhiteFideId "651082241"]
[BlackFideId "1317431"]
[WhiteElo "1723"]
[BlackElo "1938"]
[WhiteClock "0:00:11"]
[BlackClock "0:01:49"]
[Variant "Standard"]
[EndDate "2026.07.19"]
[EndTime "12:53:22"]

1. d4 Nf6 2. c4 g6 3. Nc3 Bg7 4. e4 d6 5. h3 O-O 6. Be3 Nc6 7. Nf3 e5 8. d5 Ne7 9. g4 Nd7 10. Bd3 Nc5 11. Bc2 f5 12. gxf5 gxf5 13. Ng5 h6 14. Nf3 fxe4 15. Nxe4 Nxe4 16. Bxe4 Bf5 17. Nd2 Kh8 18. Qh5 Qe8 19. Qxe8 Raxe8 20. O-O-O b6 21. b3 Rf7 22. f3 Ng6 23. Rdf1 Ref8 24. Rhg1 Nh4 25. Bxf5 Nxf5 26. Re1 Nxe3 27. Rxe3 h5 28. Rg5 Rf5 29. Rxf5 Rxf5 30. Ne4 Bh6 31. Kd2 Rxf3 0-1

[Event "2026 Biel Blitz Open"]
[Site "Biel, CH"]
[Date "2026.07.19"]
[Round "4"]
[White "Heitmann, Erik"]
[Black "Knuesel, Jolan"]
[Result "1-0"]
[Board "50"]
[TimeControl "180+2"]
[WhiteFideId "34608940"]
[BlackFideId "1364529"]
[WhiteElo "1885"]
[BlackElo "1728"]
[WhiteClock "0:00:07"]
[BlackClock "0:00:07"]
[Variant "Standard"]
[EndDate "2026.07.19"]
[EndTime "12:48:33"]

1. d4 d5 2. c4 Nf6 3. Nc3 g6 4. cxd5 Nxd5 5. e4 Nxc3 6. bxc3 Bg7 7. Bc4 O-O 8. Ne2 Nd7 9. h4 Nb6 10. Bb3 h5 11. Be3 a5 12. a4 e6 13. Qd2 Bd7 14. Bh6 Qe8 15. Bxg7 Kxg7 16. Qc2 f5 17. e5 Bc6 18. f3 Nd5 19. Rh3 Ne3 20. Qd2 f4 21. Nxf4 Rxf4 22. Qxe3 Qf7 23. Ke2 Rf8 24. Rf1 Qe7 25. g3 R4f7 26. g4 Qa3 27. Bc2 Qb2 28. Qd3 Bxa4 29. Qxg6+ Kh8 30. Qxh5+ Kg7 31. Qh7# 1-0

[Event "2026 Biel Blitz Open"]
[Site "Biel, CH"]
[Date "2026.07.19"]
[Round "4"]
[White "Hirt, Markus"]
[Black "Amsellem, Daniel"]
[Result "1-0"]
[Board "51"]
[TimeControl "180+2"]
[WhiteFideId "1302582"]
[BlackFideId "1363522"]
[WhiteElo "1880"]
[BlackElo "1723"]
[WhiteClock "0:01:18"]
[BlackClock "0:00:52"]
[Variant "Standard"]
[EndDate "2026.07.19"]
[EndTime "12:55:33"]

1. e4 e5 2. Bc4 Nf6 3. d3 c6 4. Nf3 Qc7 5. O-O Be7 6. Re1 O-O 7. d4 d5 8. exd5 cxd5 9. dxe5 dxc4 10. exf6 Bxf6 11. Nc3 Bg4 12. h3 Bh5 13. Nd5 Qc6 14. Nxf6+ Qxf6 15. g4 Bg6 16. Ne5 Nc6 17. Nd7 Qh4 18. Nxf8 Rxf8 19. Qf3 Nd4 20. Qg3 Qxg3+ 21. fxg3 Nxc2 22. Be3 Nxa1 23. Rxa1 b5 24. Bxa7 Bd3 25. Bc5 Ra8 26. a3 f6 27. Re1 Kf7 28. Re7+ Kg6 29. Rb7 Re8 30. h4 Re1+ 31. Kf2 Re2+ 32. Kf3 Kh6 33. Be3+ g5 34. Rb6 Rxb2 35. Rxf6+ Kg7 36. Bxg5 c3 37. Rc6 c2 38. Bf6+ Kf7 39. Bxb2 1-0

[Event "2026 Biel Blitz Open"]
[Site "Biel, CH"]
[Date "2026.07.19"]
[Round "4"]
[White "Valsecchi, Luca"]
[Black "Mousseau, Leo"]
[Result "1-0"]
[Board "53"]
[TimeControl "180+2"]
[WhiteFideId "1368524"]
[BlackFideId "34666931"]
[WhiteElo "1869"]
[BlackElo "1714"]
[WhiteClock "0:00:18"]
[BlackClock "0:00:09"]
[Variant "Standard"]
[EndDate "2026.07.19"]
[EndTime "12:53:06"]

1. d4 Nf6 2. Nf3 g6 3. Bf4 Bg7 4. e3 O-O 5. Be2 d6 6. O-O Re8 7. h3 Nbd7 8. c3 c6 9. Nbd2 Qb6 10. Nc4 Qc7 11. a4 Nd5 12. Bh2 e5 13. dxe5 Nxe5 14. Nfxe5 dxe5 15. Qc2 Qe7 16. a5 Bf5 17. e4 Bxh3 18. gxh3 Nf4 19. Bxf4 exf4 20. Qd3 Rad8 21. Qf3 b5 22. axb6 axb6 23. Nxb6 Rd2 24. Nc4 Rdd8 25. Rfd1 Qg5+ 26. Qg4 Qc5 27. Qxf4 Rxd1+ 28. Rxd1 1-0

[Event "2026 Biel Blitz Open"]
[Site "Biel, CH"]
[Date "2026.07.19"]
[Round "4"]
[White "Tahari, Youcef Nazim"]
[Black "Draude, Theo"]
[Result "0-1"]
[Board "54"]
[TimeControl "180+2"]
[WhiteFideId "282537"]
[BlackFideId "34623809"]
[WhiteElo "1691"]
[BlackElo "1861"]
[WhiteClock "0:00:04"]
[BlackClock "0:00:17"]
[Variant "Standard"]
[EndDate "2026.07.19"]
[EndTime "12:53:11"]

1. e4 a6 2. d4 e6 3. Nf3 d5 4. Bd3 c5 5. exd5 exd5 6. Qe2+ Qe7 7. dxc5 Qxe2+ 8. Bxe2 Bxc5 9. O-O Nf6 10. Bg5 Ne4 11. Bf4 O-O 12. Bd3 Nc6 13. Nbd2 f5 14. c4 Nb4 15. Bb1 Be6 16. a3 Nc6 17. b4 Ba7 18. Bg3 Nxd2 19. Nxd2 dxc4 20. Re1 Rfe8 21. Ba2 b5 22. a4 Rad8 23. Rad1 Bf7 24. Nf3 Nxb4 25. Bb1 Rxe1+ 26. Rxe1 Nd3 27. Re7 Bc5 28. Rc7 Bf8 29. axb5 axb5 30. h3 b4 31. Ng5 Bd5 32. Ra7 b3 33. Bxd3 0-1

[Event "2026 Biel Blitz Open"]
[Site "Biel, CH"]
[Date "2026.07.19"]
[Round "5"]
[White "Bu, Xiangzhi"]
[Black "Elmi, Saad Abobaker"]
[Result "1-0"]
[Board "1"]
[TimeControl "180+2"]
[WhiteFideId "8601445"]
[BlackFideId "1553259"]
[WhiteElo "2719"]
[BlackElo "2409"]
[WhiteTitle "GM"]
[BlackTitle "IM"]
[WhiteClock "0:00:30"]
[BlackClock "0:00:03"]
[Variant "Standard"]
[EndDate "2026.07.19"]
[EndTime "13:12:14"]

1. Nf3 Nf6 2. c4 e6 3. g3 d5 4. Bg2 d4 5. d3 c5 6. e4 Nc6 7. e5 Nd7 8. Qe2 b6 9. O-O Bb7 10. h4 h6 11. Re1 Be7 12. h5 Qc7 13. a3 a6 14. Bf4 g5 15. hxg6 fxg6 16. g4 g5 17. Bg3 h5 18. gxh5 O-O-O 19. Nh2 Rdf8 20. Nd2 Rf4 21. b4 cxb4 22. axb4 Bxb4 23. Reb1 Bxd2 24. Qxd2 Ncxe5 25. Bxb7+ Qxb7 26. Bxf4 gxf4 27. Qxf4 Rg8+ 28. Kf1 Nxd3 29. Qf3 N3e5 30. Qxb7+ Kxb7 31. Rd1 d3 32. Re1 Rf8 33. Rad1 a5 34. Re4 Kc7 35. f4 Nc6 36. Rxe6 Rxf4+ 37. Kg2 Rxc4 38. h6 Rh4 39. Nf3 Rg4+ 40. Kf2 Rg8 41. h7 Rh8 42. Rh6 Nce5 43. Nxe5 Nxe5 44. Rg1 Nf7 45. Rg7 1-0

[Event "2026 Biel Blitz Open"]
[Site "Biel, CH"]
[Date "2026.07.19"]
[Round "5"]
[White "Arjun Kalyan"]
[Black "Kozak, Adam"]
[Result "1-0"]
[Board "2"]
[TimeControl "180+2"]
[WhiteFideId "35018701"]
[BlackFideId "753246"]
[WhiteElo "2451"]
[BlackElo "2537"]
[WhiteTitle "GM"]
[BlackTitle "GM"]
[WhiteClock "0:00:15"]
[BlackClock "0:00:03"]
[Variant "Standard"]
[EndDate "2026.07.19"]
[EndTime "13:11:04"]

1. e4 e5 2. Nf3 Nc6 3. Bb5 Nf6 4. O-O Nxe4 5. Re1 Nd6 6. Bf1 Be7 7. Nc3 O-O 8. d4 e4 9. Nxe4 Nxe4 10. Rxe4 d5 11. Re3 Bf6 12. c3 Ne7 13. a4 a5 14. Ne5 Ng6 15. g3 Nxe5 16. dxe5 Be7 17. Re1 c6 18. h4 Bf5 19. Bf4 Bc5 20. Be3 Bxe3 21. Rxe3 Qb6 22. Qd2 Rad8 23. Rd1 Qb3 24. Ra1 Qb6 25. Rd1 Qb3 26. Ra1 Rfe8 27. c4 Qb6 28. cxd5 Rxd5 29. Qc3 Qd4 30. Qxd4 Rxd4 31. Rb3 Re7 32. f4 h6 33. Kf2 g5 34. hxg5 hxg5 35. Ke3 Re4+ 36. Kf3 Rd4 37. Rc3 gxf4 38. gxf4 Red7 39. Bc4 Rd2 40. b3 Kf8 41. Rg1 Rh2 42. Rg5 Rh3+ 43. Rg3 Rh4 44. Rg5 Rh3+ 45. Rg3 Rxg3+ 46. Kxg3 Rd4 47. Be2 Be6 48. Bg4 Rb4 49. Bxe6 fxe6 50. Kg4 Rd4 51. Kg5 Kg7 52. Rg3 Re4 53. f5 Kf7 54. Rh3 Rxe5 55. Rh7+ Ke8 56. Kf6 Rxf5+ 57. Kxe6 Rf3 58. Rxb7 Re3+ 59. Kd6 Rc3 60. Rb8+ Kf7 61. Rb6 Kf6 62. Rxc6 Rxb3 63. Rc5 Rd3+ 64. Kc7 Ke7 65. Re5 Kf6 66. Rxa5 Rc3+ 67. Kd6 Rd3+ 68. Rd5 Ra3 69. a5 Ra1 70. Kd7 Ra2 71. Rd6+ Ke5 72. a6 Rc2 73. Rc6 Rh2 74. Kc7 Ra2 75. Kb7 Kd5 76. Rb6 1-0

[Event "2026 Biel Blitz Open"]
[Site "Biel, CH"]
[Date "2026.07.19"]
[Round "5"]
[White "Mohammad Nubairshah Shaikh"]
[Black "Gloeckler, Christian"]
[Result "1/2-1/2"]
[Board "3"]
[TimeControl "180+2"]
[WhiteFideId "5053196"]
[BlackFideId "34608966"]
[WhiteElo "2316"]
[BlackElo "2513"]
[WhiteTitle "IM"]
[BlackTitle "IM"]
[WhiteClock "0:00:15"]
[BlackClock "0:00:47"]
[Variant "Standard"]
[EndDate "2026.07.19"]
[EndTime "13:11:46"]

1. Nf3 Nf6 2. g3 d5 3. Bg2 e6 4. O-O Be7 5. c4 O-O 6. d4 Nbd7 7. cxd5 exd5 8. Bf4 c6 9. Nc3 Re8 10. Qc2 Nf8 11. Ne5 Ne6 12. Be3 Bd6 13. f4 Bxe5 14. fxe5 Ng4 15. Qd2 Nxe5 16. dxe5 d4 17. Bf2 dxc3 18. Qxc3 Qe7 19. Rad1 Bd7 20. Rd6 Nf8 21. Rfd1 Be6 22. a3 Ng6 23. Be3 Bg4 24. h3 Bxe2 25. R1d2 Ba6 26. Rd7 Qe6 27. R2d6 Qxe5 28. Bd4 Qe1+ 29. Kh2 Qxc3 30. Bxc3 Nf8 31. Rc7 Rac8 32. Rxc8 Rxc8 33. Bd4 c5 34. Bf2 Ne6 35. Rd7 Rd8 36. Rxd8+ Nxd8 37. Bxc5 b6 38. Be3 Bb7 39. Bf1 Bd5 40. g4 Kf8 41. Kg3 Ke7 42. Bd4 Ne6 43. Be5 Kd7 44. Bd3 f6 45. Bb8 Kc8 46. Bd6 h6 47. Bf5 Kd7 48. Bf8 Ke8 49. Bxe6 Bxe6 50. Bxg7 f5 51. Kf4 fxg4 52. hxg4 Kf7 53. Bxh6 Kg6 54. Bg5 Bd7 55. Bd8 Bc8 56. Bc7 Bd7 57. b4 Bc8 58. Bb8 a6 59. Bc7 b5 60. Bd8 Bd7 61. g5 Be6 62. Ke5 Bb3 63. Kd6 Ba4 64. Kc6 Kf7 65. Kb6 Kg6 66. Kxa6 Kf7 67. Kb6 Kg6 68. Kc5 Kf7 69. Kd6 Kg6 70. Ke6 Bb3+ 71. Ke5 Ba4 72. Bf6 Bb3 73. Kd4 Ba4 74. Kc5 Kf7 75. Bd4 Kg6 76. Be3 Kf7 77. Kd5 Kg6 78. Ke6 Bb3+ 79. Ke7 Ba4 80. Bc1 Bb3 81. Kd6 Ba4 82. Kc5 Kf7 83. Bd2 Kg6 84. Be3 Kf7 85. Kb6 Kg6 86. Ka5 Kf7 87. Bd2 Kg6 88. Kb6 Kf5 89. Kc5 Kg6 90. Kd6 Bb3 91. Ke5 Ba4 92. Be3 Bb3 93. Bd2 Ba4 94. Be3 Bb3 1/2-1/2

[Event "2026 Biel Blitz Open"]
[Site "Biel, CH"]
[Date "2026.07.19"]
[Round "5"]
[White "Aronyak Ghosh"]
[Black "Shukhman, Anna"]
[Result "1-0"]
[Board "4"]
[TimeControl "180+2"]
[WhiteFideId "25072846"]
[BlackFideId "54180058"]
[WhiteElo "2488"]
[BlackElo "2392"]
[WhiteTitle "IM"]
[BlackTitle "WGM"]
[WhiteClock "0:02:09"]
[BlackClock "0:01:11"]
[Variant "Standard"]
[EndDate "2026.07.19"]
[EndTime "13:04:03"]

1. d4 d5 2. Nf3 Nf6 3. a3 e6 4. Bf4 Bd6 5. e3 O-O 6. Bg3 c5 7. dxc5 Bxc5 8. c4 Nc6 9. Qc2 Bd6 10. Nc3 a6 11. Rd1 Bb8 12. Bh4 Ne5 13. cxd5 Nxf3+ 14. gxf3 exd5 15. Nxd5 Nxd5 16. Bxd8 Rxd8 17. Rxd5 1-0

[Event "2026 Biel Blitz Open"]
[Site "Biel, CH"]
[Date "2026.07.19"]
[Round "5"]
[White "Ling, Chenxuan"]
[Black "Filipovic, Branko"]
[Result "1/2-1/2"]
[Board "5"]
[TimeControl "180+2"]
[WhiteFideId "30983118"]
[BlackFideId "14507951"]
[WhiteElo "2235"]
[BlackElo "2109"]
[WhiteTitle "CM"]
[BlackTitle "IM"]
[WhiteClock "0:02:53"]
[BlackClock "0:00:42"]
[Variant "Standard"]
[EndDate "2026.07.19"]
[EndTime "13:07:13"]

1. d4 Nf6 2. c4 b6 3. Nc3 Bb7 4. Nf3 e6 5. e3 Bb4 6. Bd3 Ne4 7. Bd2 Bxc3 8. Bxc3 O-O 9. O-O f5 10. Nd2 Nxc3 11. bxc3 d6 12. f3 Nd7 13. Qc2 g6 14. Rae1 e5 15. e4 f4 16. Nb3 Qe7 17. Rd1 Rfd8 18. Qf2 a5 19. c5 dxc5 20. dxc5 Nxc5 21. Nxc5 Qxc5 22. Qxc5 bxc5 23. Bc4+ Kf8 24. Kf2 Ke7 25. Ke2 Bc6 26. Rxd8 Rxd8 27. Rb1 g5 28. h4 g4 29. Bd3 g3 30. Bc4 h6 31. Rb2 Ra8 32. a3 Rd8 33. Rb1 Ra8 34. Kd3 Rd8+ 35. Ke2 Ke8 36. Bb5 Rd6 37. Bc4 Rd8 38. Bb5 Rd6 39. Bc4 Rd8 40. Bb5 1/2-1/2

[Event "2026 Biel Blitz Open"]
[Site "Biel, CH"]
[Date "2026.07.19"]
[Round "5"]
[White "Ghosh, Diptayan"]
[Black "Safarli, Eltaj"]
[Result "1/2-1/2"]
[Board "6"]
[TimeControl "180+2"]
[WhiteFideId "5045207"]
[BlackFideId "13402129"]
[WhiteElo "2530"]
[BlackElo "2619"]
[WhiteTitle "GM"]
[BlackTitle "GM"]
[WhiteClock "0:00:15"]
[BlackClock "0:00:27"]
[Variant "Standard"]
[EndDate "2026.07.19"]
[EndTime "13:09:24"]

1. Nf3 Nf6 2. g3 g6 3. Bg2 Bg7 4. d4 d5 5. O-O O-O 6. c4 c6 7. Qa4 Nfd7 8. cxd5 Nb6 9. Qd1 cxd5 10. Nc3 Nc6 11. e3 Bf5 12. b3 Qd7 13. Ba3 Rfe8 14. Rc1 Rad8 15. Bc5 Nc8 16. Qe2 Bh3 17. Bxh3 Qxh3 18. Rfd1 e6 19. Nb5 Rd7 20. Ba3 Qh5 21. Kg2 a6 22. Nc3 Nd6 23. Bxd6 Rxd6 24. Na4 Bf8 25. Nc5 Nd8 26. Nd3 Nc6 27. Nc5 Nd8 28. Rc2 Rc6 29. Nd7 Bg7 30. Rdc1 Qf5 31. Nfe5 Rxc2 32. Qxc2 f6 33. Qxf5 gxf5 34. Nd3 Kf7 35. Nb6 Bf8 36. h3 Bd6 37. g4 fxg4 38. hxg4 Nc6 39. Kf3 e5 40. dxe5 fxe5 41. Nc5 e4+ 42. Ke2 Bxc5 43. Rxc5 d4 44. exd4 Nxd4+ 45. Ke3 Nc6 46. Nc4 Re6 47. a3 Ke7 48. Rh5 h6 49. b4 b5 50. Nd2 Ne5 51. Kf4 Nd3+ 52. Ke3 Ne5 53. Kf4 Nd3+ 54. Ke3 Ne5 55. Kxe4 1/2-1/2

[Event "2026 Biel Blitz Open"]
[Site "Biel, CH"]
[Date "2026.07.19"]
[Round "5"]
[White "Amonatov, Farrukh"]
[Black "Kelecevic, Nedeljko"]
[Result "1-0"]
[Board "7"]
[TimeControl "180+2"]
[WhiteFideId "14700077"]
[BlackFideId "14400537"]
[WhiteElo "2585"]
[BlackElo "2150"]
[WhiteTitle "GM"]
[BlackTitle "IM"]
[WhiteClock "0:00:41"]
[BlackClock "0:00:04"]
[Variant "Standard"]
[EndDate "2026.07.19"]
[EndTime "13:09:36"]

1. e4 e6 2. d4 d5 3. Nc3 Nc6 4. Nf3 Nf6 5. e5 Ne4 6. Bb5 Bd7 7. O-O Nxc3 8. bxc3 Nxe5 9. Nxe5 Bxb5 10. Re1 Be7 11. Qg4 O-O 12. Bh6 Bf6 13. Re3 Bxe5 14. dxe5 g6 15. Bg5 f5 16. exf6 Qd7 17. Rae1 Rae8 18. Qf4 e5 19. Rxe5 Rxe5 20. Rxe5 Re8 21. Re7 Rxe7 22. fxe7 Qe8 23. Qxc7 Bc6 24. h4 Kg7 25. Qe5+ Kg8 26. Qe6+ Qf7 27. Qe5 Qe8 28. f3 a6 29. Be3 Kf7 30. Bc5 b6 31. Bd6 Qd7 32. h5 Qe6 33. Qf4+ Qf5 34. hxg6+ hxg6 35. Qxf5+ gxf5 36. Kf2 Ke6 37. Ba3 f4 38. Bc1 Kf5 39. Kg1 Be8 40. Kh2 Bf7 41. a3 b5 42. Kh3 a5 43. Bd2 Ke6 44. Bxf4 Kxe7 45. Bc7 a4 46. Kg4 Bg6 47. f4 Ke6 48. Kg5 Bxc2 49. g4 b4 50. cxb4 d4 51. f5+ Kf7 52. Bf4 Bd1 53. b5 Ke8 1-0

[Event "2026 Biel Blitz Open"]
[Site "Biel, CH"]
[Date "2026.07.19"]
[Round "5"]
[White "Erne, Raphael"]
[Black "Alexakis, Dimitris"]
[Result "0-1"]
[Board "8"]
[TimeControl "180+2"]
[WhiteFideId "1341928"]
[BlackFideId "4277023"]
[WhiteElo "2128"]
[BlackElo "2459"]
[BlackTitle "GM"]
[WhiteClock "0:00:04"]
[BlackClock "0:00:13"]
[Variant "Standard"]
[EndDate "2026.07.19"]
[EndTime "13:08:43"]

1. c4 e5 2. g3 c6 3. d4 Bb4+ 4. Bd2 Bxd2+ 5. Qxd2 d6 6. Bg2 Nf6 7. Nc3 O-O 8. e4 c5 9. d5 h5 10. h3 h4 11. Nge2 a6 12. f4 Nbd7 13. f5 hxg3 14. Nxg3 Nh5 15. Nxh5 Qh4+ 16. Qf2 Qxh5 17. Bf3 Qh6 18. Ke2 b5 19. Qe3 bxc4 20. Rhg1 Qxe3+ 21. Kxe3 Nf6 22. Rg2 Kh7 23. Rag1 Rg8 24. Be2 g6 25. fxg6+ Rxg6 26. Rxg6 fxg6 27. Bxc4 Kg7 28. b3 Bxh3 29. Na4 a5 30. Nc3 Bd7 31. Bb5 Bg4 32. Bc6 Rh8 33. Nb5 Rh3+ 34. Kd2 Nxe4+ 35. Kc2 Bf5 36. Kb2 g5 37. Nc7 Rh2+ 38. Ka3 Nc3 39. b4 cxb4+ 40. Kb3 Bc2+ 41. Kb2 Bd1+ 42. Kc1 Rc2# 0-1

[Event "2026 Biel Blitz Open"]
[Site "Biel, CH"]
[Date "2026.07.19"]
[Round "5"]
[White "Matsumura, Cocoro"]
[Black "Thorfinnsson, Bjorn"]
[Result "0-1"]
[Board "9"]
[TimeControl "180+2"]
[WhiteFideId "36087114"]
[BlackFideId "2300982"]
[WhiteElo "2131"]
[BlackElo "2396"]
[WhiteTitle "CM"]
[BlackTitle "IM"]
[WhiteClock "0:01:36"]
[BlackClock "0:02:47"]
[Variant "Standard"]
[EndDate "2026.07.19"]
[EndTime "13:03:16"]

1. e4 e5 2. Nf3 Nc6 3. Bb5 Nge7 4. c3 d6 5. h3 Bd7 6. O-O Ng6 7. d4 Be7 8. Be3 O-O 9. Nbd2 Nxd4 10. Bxd7 Nxf3+ 11. Nxf3 Qxd7 12. Qb3 b6 13. Rad1 Kh8 14. Qd5 Rad8 15. Rd2 f5 16. Bg5 fxe4 17. Qxe4 Rxf3 18. Qxf3 Bxg5 19. Rdd1 Rf8 0-1

[Event "2026 Biel Blitz Open"]
[Site "Biel, CH"]
[Date "2026.07.19"]
[Round "5"]
[White "Haimovich, Tal"]
[Black "Hakimifard, Ghazal"]
[Result "0-1"]
[Board "10"]
[TimeControl "180+2"]
[WhiteFideId "2801698"]
[BlackFideId "12506540"]
[WhiteElo "2347"]
[BlackElo "2130"]
[WhiteTitle "IM"]
[BlackTitle "WGM"]
[WhiteClock "0:00:27"]
[BlackClock "0:00:27"]
[Variant "Standard"]
[EndDate "2026.07.19"]
[EndTime "13:11:14"]

1. Nf3 Nf6 2. b3 b5 3. Bb2 Bb7 4. e3 a6 5. a4 b4 6. c3 e6 7. d4 c5 8. c4 d5 9. Nbd2 Be7 10. Rc1 Nbd7 11. Be2 O-O 12. O-O Rc8 13. cxd5 Nxd5 14. Nc4 cxd4 15. Nxd4 Nc5 16. Ne5 Bd6 17. Ndf3 Ne4 18. Bc4 Ndc3 19. Qc2 Qc7 20. Nd3 Rfd8 21. h3 Qa5 22. Nf4 Qf5 23. Ne2 Bd5 24. Bxd5 exd5 25. Ned4 Qg6 26. Qd3 h5 27. Bxc3 bxc3 28. Rc2 Rd7 29. Qe2 Bb4 30. Rfc1 Rdc7 31. Qd3 Ba3 32. Rd1 Bb4 33. Ne2 Rd8 34. Nf4 Qf5 35. Nxd5 Rcd7 36. Nd4 Qxd5 37. Rdc1 Rc8 38. Rf1 Nd2 39. Rd1 Rcd8 40. Rdc1 Nxb3 41. Rb1 Nxd4 42. exd4 Qxd4 43. Qxa6 Be7 44. Rbc1 Bf6 45. Rxc3 Qxc3 46. Rxc3 Bxc3 47. g3 Rd2 48. Qb6 Re8 49. a5 Bd4 50. Qb5 Rc8 51. a6 Rc1+ 0-1